 Dungeon Crawl Stone Soup version 0.28.0-43-g3370ac3207 (webtiles) character file.

Game seed: 116215909540961151

88 funkygono the Firebug (level 4, -7/30 HPs)
             Began as a Demonspawn Fire Elementalist on Mar 15, 2022.
             Mangled by Sigmund
             ... wielding a +0 scythe
              (12 damage)
             ... on level 2 of the Dungeon.
             The game lasted 00:03:44 (2283 turns).

funkygono the Firebug (DsFE)                        Turns: 2283, Time: 00:03:45

Health: -7/30      AC:  2    Str:  9    XL:     4   Next: 29%
Magic:  0/8        EV: 12    Int: 18    God:
Gold:   41         SH:  0    Dex: 13    Spells: 2/8 levels left

rFire   . . .      SeeInvis .   b - +2 short sword (drain)
rCold   . . .      Faith    .   (no shield)
rNeg    . . .      Spirit   .   a - +0 robe
rPois   .          Reflect  .   (no helmet)
rElec   .          Harm     .   (no cloak)
rCorr   .          Rampage  .   (no gloves)
Will    .....                   (no boots)
Stlth   ++........              (no amulet)
HPRegen 0.10/turn               (no ring)
MPRegen 0.11/turn               (no ring)

@: no status effects
A: demonic magic 1, demonic touch 1
a: no special abilities


You were on level 2 of the Dungeon.
You visited 1 branch of the dungeon, and saw 2 of its levels.

You collected 41 gold pieces.

Inventory:

Hand Weapons
 b - a +2 short sword of draining (weapon)
 h - a +0 flail
Missiles
 e - 46 stones
Armour
 a - a +0 robe (worn)
Scrolls
 c - 2 scrolls of blinking {unknown}
 d - a scroll of silence {unknown}
 g - a scroll of identify {unknown}
 i - a scroll of immolation {unknown}
Potions
 f - 2 potions of heal wounds {unknown}


   Skills:
 + Level 1.9 Dodging
 - Level 1.7 Stealth
 * Level 2.9 Spellcasting
 * Level 2.2 Conjurations
 * Level 3.5 Fire Magic


You had 2 spell levels left.
You knew the following spells:

 Your Spells              Type           Power      Damage    Failure   Level
a - Foxfire               Conj/Fire      52%        2x1d6     4%          1
b - Scorch                Fire           30%        2d6       6%          2
c - Conjure Flame         Conj/Fire      13%        6-21      16%         3

Your spell library contained the following spells:

 Spells                   Type           Power      Damage    Failure   Level
 Freeze                   Ice            8%         1d3       17%         1
 Inner Flame              Hex/Fire       9%         N/A       24%         3
 Frozen Ramparts          Ice            4%         1d2       45%         3
 Flame Wave               Conj/Fire      13%        2d6       45%         4
 Hailstorm                Conj/Ice       6%         3d4       71%         4


Dungeon Overview and Level Annotations

Branches:
Dungeon (2/15)

Altars:

Annotations:
D:2 Sigmund


Innate Abilities, Weirdness & Mutations

Spells you cast may paralyse adjacent enemies.
Your touch may inflict minor irresistible damage on your foes.


Message History

Flames lash Sigmund.
Sigmund is heavily wounded.
Sigmund's fire resistance burns away.
Malevolent energies surge around you.
The foxfire hits Sigmund but does no damage.
Sigmund is heavily wounded.
The foxfire hits Sigmund!
Sigmund is burned terribly!
Sigmund is severely wounded.
Sigmund hits you from afar with a +0 scythe.
The foxfire hits Sigmund.
Sigmund is burned terribly!
Sigmund is almost dead.
Casting: Scorch (safe; 6% risk of failure)
Confirm with . or Enter, or press ? or * to list all spells.
You conjure some foxfire!
Malevolent energies surge around you.
Sigmund casts a spell.
Sigmund flickers and vanishes!
Deactivating autopickup; reactivate with Ctrl-A.
Casting: Foxfire (safe; 4% risk of failure)
Confirm with . or Enter, or press ? or * to list all spells.
You don't have enough magic to cast this spell.
Unknown command.
Casting: Foxfire (safe; 4% risk of failure)
Confirm with . or Enter, or press ? or * to list all spells.
You conjure some foxfire!
Malevolent energies surge around you.
The foxfire hits something but does no damage. x2
Something hits you.
Unknown command.
The foxfire hits something but does no damage.
The foxfire hits something but does no damage.
You hear some strange, mumbled words.
A puff of flame appears from out of thin air!
The puff of flame hits you!
Casting: Foxfire (safe; 4% risk of failure)
Confirm with . or Enter, or press ? or * to list all spells.
You conjure some foxfire!
Malevolent energies surge around you. Something hits you.
* * * LOW HITPOINT WARNING * * *
The foxfire hits something.
The foxfire hits something but does no damage.
Something hits you!
You die...

.......# .# ###..###
##.## ##...#######
##...#### #
............. .......
+
##...########.##...###
##..# #.........# ##.#
#.###.###.# #.# ##.#
#.# #.# ##ยง@# #.# #+#
#.# #.#.# #.# #.# #.#
##.## #.# #.# #.#
#.##.####.# ##.### #.#
#.........#####....###
#.#
####..................
####.#
########.###.....#.
.....# #.# #.....#.
###### #.# #.....#.


There were no monsters in sight!

Vanquished Creatures
  An adder (D:2)
  3 gnolls (D:2)
  A worm (D:2)
  4 ball pythons
  7 endoplasms
  3 giant cockroaches (D:1)
  7 goblins
  4 jackals (D:2)
  3 kobolds
  2 quokkas (D:1)
  6 bats
  3 frilled lizards (D:1)
  A rat (D:1)
45 creatures vanquished.

Vanquished Creatures (others)
  157 foxfires
157 creatures vanquished.

Grand Total: 202 creatures vanquished

Notes
Turn   | Place    | Note
-------+----------+-------------------------------------------
     0 | D:1      | funkygono the Demonspawn Fire Elementalist began the quest
                  | for the Orb.
     0 | D:1      | Reached XP level 1. HP: 13/13 MP: 3/3
   211 | D:1      | Reached skill level 3 in Fire Magic
   335 | D:1      | Gained mutation: Your touch may inflict minor irresistible
                  | damage on your foes. [demonic ancestry]
   335 | D:1      | Reached XP level 2. HP: 18/19 MP: 0/5
   657 | D:1      | Learned a level 2 spell: Scorch
  1214 | D:2      | Gained mutation: Spells you cast may paralyse adjacent
                  | enemies. [demonic ancestry]
  1214 | D:2      | Reached XP level 3. HP: 18/24 MP: 1/6
  1711 | D:2      | Reached XP level 4. HP: 21/30 MP: 0/8
  1715 | D:2      | Learned a level 3 spell: Conjure Flame
  2269 | D:2      | Noticed Sigmund
  2283 | D:2      | Mangled by Sigmund

Illustrated notes

Levels and vault maps discovered:
D:1:      roderic_chinese_lattice_arrival, layout_basic, hangedman_decor_growths
D:2:      layout_loops_corners, basic_ecumenical_altar,
          nicolae_figureground_pulse, uniq_sigmund

Skill      XL: |  1  2  3 |
---------------+----------+-----
Fire Magic     | 3 |  3.5
Conjurations   | 2 |  2.2
Dodging        | |  1.9
Stealth        | |  1.7
Spellcasting   | |  2.9

Action                   |  1- 3 |  4- 6 || total
-------------------------+-------+-------++-------
Melee: Unarmed           |     1 |       ||     1
 Cast: Foxfire           |    64 |    23 ||    87
       Scorch            |       |     1 ||     1
Armor: Robe              |     4 |     3 ||     7
Dodge: Dodged            |    25 |     2 ||    27
